 Dungeon Crawl Stone Soup version 0.17-a0-2055-gb4e23be (webtiles) character file.

44 vatarom the Ducker (level 3, -2/27 HPs)
             Began as a Demonspawn Gladiator on Oct 11, 2015.
             Slain by an ogre
             ... wielding a +0 giant spiked club
              (12 damage)
             ... on level 2 of the Dungeon.
             The game lasted 00:05:10 (1273 turns).

vatarom the Ducker (Demonspawn Gladiator)           Turns: 1273, Time: 00:05:10

Health: -2/27      AC:  6    Str: 15    XL:     3   Next: 39%
Magic:  0/3        EV: 12    Int: 10    God:
Gold:   24         SH:  0    Dex: 13    Spells: 0 memorised, 2 levels left

rFire  . . .     SeeInvis .     a - +0 flail
rCold  . . .     Clarity  .     b - +0 leather armour
rNeg   . . .     SustAt   .     (no shield)
rPois  .         Gourm    .     c - +0 helmet
rElec  .         Spirit   +     (no cloak)
rCorr  .         Warding  .     (no gloves)
rMut   .         Stasis   .     (no boots)
MR     .....                    (no amulet)
Stlth  +.........               (no ring)
                                (no ring)

@: not resistant to hostile enchantments, very unstealthy
A: slimy green scales 1, magic shield
a: no special abilities


You were on level 2 of the Dungeon.
You were not hungry.

You visited 1 branch of the dungeon, and saw 2 of its levels.

You collected 24 gold pieces.

Inventory:

Hand Weapons
 a - a +0 flail (weapon)
Armour
 b - a +0 leather armour (worn)
 c - a +0 helmet (worn)
Scrolls
 f - a scroll of teleportation
Comestibles
 g - 4 beef jerkies
 i - a meat ration


   Skills:
 + Level 2.2 Fighting
 - Level 2.9 Maces & Flails
 - Level 1.8 Throwing
 * Level 1.5 Armour
 - Level 3.1 Dodging


You had 2 spell levels left.
You didn't know any spells.

Dungeon Overview and Level Annotations

Branches:
Dungeon (2/15)

Altars:


Innate Abilities, Weirdness & Mutations

You are partially covered in slimy green scales (AC +2).
When hurt, damage is shared between your health and your magic reserves.


Message History

You throw a throwing net. The throwing net hits the ogre.
The ogre is caught in the net!
The ogre struggles against the net.
The jackal bites you.
You are too injured to fight recklessly!
You are too injured to fight recklessly!
You sock the ogre!
The ogre is moderately wounded.
The jackal bites you.
The ogre struggles against the net.
The jackal misses you.
You hit the ogre.
The ogre is heavily wounded.
The ogre struggles against the net.
The jackal closely misses you.
The ogre struggles against the net.
The net rips apart, and the ogre comes free!
The jackal bites you but does no damage.
You sock the ogre!
The ogre is almost dead.
The jackal closely misses you.
The ogre hits you with a giant spiked club!
You die...

######### ##...#...##
#.........## ...........#
.>.....†...###########
.............†.......########
#.........##########........#
##...#....##### #.........
##.#####...@.# ##.......# ...
######h#O#######.......# ...
..........(.............# ##
.#######..#####.#.......#
.#####.....##.#.......#
........##.##.#.......#
.........# ##.#........
.........# #.#........
###.......# ..#(##..#..


You could see an ogre and a jackal.

Vanquished Creatures
  An adder (D:2)
  A worm (D:2)
  2 giant geckos
  5 hobgoblins
  2 jackals (D:2)
  2 kobolds (D:1)
  4 bats (D:1)
  2 giant cockroaches (D:1)
  3 giant newts
  5 goblins
  4 rats (D:1)
31 creatures vanquished.

Notes
Turn   | Place    | Note
--------------------------------------------------------------
     0 | D:1      | vatarom the Demonspawn Gladiator began the quest for the Orb.
     0 | D:1      | Reached XP level 1. HP: 16/16 MP: 1/1
   133 | D:1      | Reached skill level 3 in Dodging
   133 | D:1      | Gained mutation: When hurt, damage is shared between your health and your magic reserves. [demonic ancestry]
   133 | D:1      | Reached XP level 2. HP: 15/22 MP: 2/2
   992 | D:2      | Reached skill level 1 in Armour
  1008 | D:2      | Gained mutation: You are partially covered in slimy green scales (AC +2). [demonic ancestry]
  1008 | D:2      | Reached XP level 3. HP: 19/27 MP: 3/3
  1255 | D:2      | Noticed an ogre
  1273 | D:2      | Slain by an ogre

Vault maps used:
D:1:      erik_arrival_cave_to_civilisation, corexii_leaking_fountain
D:2:      nicolae_overflow_crystal_walls, minitemple, kennysheep_generic_room_14

Action                   || total
-------------------------++-------
Melee: Flail             ||    97
Throw: Throwing net      ||     4
  Use: Potion            ||     5
       Scroll            ||     3
 Stab: Held in net/web   ||     1
  Eat: Bread ration      ||     1
